 Dungeon Crawl Stone Soup version 0.32-a0-576-g706899e69d (console) character file.

Game seed: 9250488240861805923

2051508 elliptic the Conqueror (level 27, 224/224 HPs)
             Began as a Coglin Enchanter on Mar 1, 2024.
             Was the Champion of Hepliaklqana.
             Escaped with the Orb
             ... and 3 runes
             ... and 1 gem on Mar 2, 2024!
             The game lasted 03:29:49 (51964 turns).

elliptic the Conqueror (Coglin Enchanter)          Turns: 51964, Time: 03:29:49

Health: 224/224    AC: 21    Str:  7    XL:     27
Magic:  41/41      EV: 32    Int: 14    God:    Hepliaklqana [******]
Gold:   3248       SH:  0    Dex: 22    Spells: 29/29 levels left

rFire   + . .        a - +9 hand cannon (freeze) {norare}
rCold   . . .        L - +3 greatsling "Punk" {acid, rCorr}
rNeg    . . .        C - +3 troll leather armour {nodragon}
rPois   .            l - +2 helmet
rElec   +            d - +2 cloak {Stlth+}
rCorr   +            j - +2 pair of gloves {Stlth+}
SInv    .            S - +1 pair of boots of Classification {rF+ MP+9 Int-5 Stlth+}
Will    +++..        (amulet unavailable)
Stlth   ++           (ring unavailable)
HPRegen 1.37/turn    (ring unavailable)
MPRegen 0.27/turn    q - neodymium booster {AutoDazzle, rElec Slay+3}

%: no passive effects
@: hasted, studying 3 skills, very quick
A: reduced essence, off-hand wielding, slow wielding, warmup strikes, no
jewellery, clumsy 1, strong-willed 1, weak 1, MP-powered wands
0: Orb of Zot
}: 3/15 runes: decaying, serpentine, silver
a: Renounce Religion, Recall Ancestor, Ancestor Identity, Transference, Idealise


You escaped.
You worshipped Hepliaklqana.
Hepliaklqana was exalted by your worship.
You visited 10 branches of the dungeon, and saw 50 of its levels.
You also visited: Sewer, Gauntlet, Ice Cave, Wizlab and Desolation.

You collected 8700 gold pieces.
You spent 5452 gold pieces at shops.


Innate Abilities, Weirdness & Mutations

Your life essence is reduced to manifest your ancestor. (-10% HP)
You can wield a second weapon in your off-hand.
It takes a long time for you to wield or remove held weapons.
Your first few attacks do less damage.
You cannot equip rings or amulets.
You are clumsy. (Dex -2)
You are strong-willed. (Will+)
You are weak. (Str -2)
You expend magic power (3 MP) to strengthen your wands.


   Skills:
 O Level 27 Fighting
 - Level 0.8 Short Blades
 - Level 21.4 Ranged Weapons
 - Level 13.5 Armour
 O Level 27 Dodging
 - Level 2.4 Stealth
 - Level 1.7 Spellcasting
 - Level 2.6 Hexes
 + Level 12.1 Invocations


You had 29 spell levels left.
You didn't know any spells.
Your spell library contained the following spells:

 Spells                   Type           Power      Damage    Failure   Level
 Slow                     Hex            32%        N/A       11%         1
 Jinxbite                 Hex            16%        N/A       16%         2
 Ensorcelled Hibernation  Hex/Ice        8%         N/A       28%         2
 Foxfire                  Conj/Fire      4%         2x1d4     32%         1
 Kiss of Death            Conj/Necr      4%         2d5       32%         1
 Magic Dart               Conj           4%         1d3       32%         1
 Necrotise                Necr           4%         1d4       32%         1
 Sting                    Conj/Alch      4%         1d3       32%         1
 Summon Small Mammal      Summ           4%         N/A       32%         1
 Confusing Touch          Hex            8%         N/A       32%         3
 Sigil of Binding         Hex            8%         N/A       32%         3
 Tukima's Dance           Hex            8%         N/A       32%         3
 Cigotuvi's Dreadful Rot  Necr/Alch/Air  2%         N/A       43%         2
 Lesser Beckoning         Tloc           2%         N/A       43%         2
 Mercury Vapours          Alch/Air       2%         N/A       43%         2
 Searing Ray              Conj           2%         2d4       43%         2
 Static Discharge         Conj/Air       2%         3-4/arc   43%         2
 Sublimation of Blood     Necr           1%         N/A       43%         2
 Dazzling Flash           Conj/Hex       8%         N/A       50%         3
 Inner Flame              Hex/Fire       4%         N/A       50%         3
 Call Canine Familiar     Summ           1%         N/A       67%         3
 Fugue of the Fallen      Necr           1%         N/A       67%         3
 Gell's Gravitas          Tloc           1%         N/A       67%         3
 Hailstorm                Conj/Ice       1%         3d5       67%         3
 Mephitic Cloud           Conj/Alch/Air  1%         N/A       67%         3
 Ozocubu's Armour         Ice            1%         N/A       67%         3
 Stone Arrow              Conj/Erth      2%         3d7       67%         3
 Summon Ice Beast         Ice/Summ       1%         N/A       67%         3
 Teleport Other           Tloc           1%         N/A       67%         3
 Vampiric Draining        Necr           1%         2d6       67%         3
 Cause Fear               Hex            4%         N/A       71%         4
 Anguish                  Hex/Necr       2%         N/A       88%         4
 Dimensional Bullseye     Hex/Tloc       2%         N/A       88%         4
 Airstrike                Air            0%         2d(1-17)  97%         4
 Animate Armour           Summ/Erth      2%         N/A       97%         4
 Dispel Undead            Necr           1%         3d6       97%         4
 Flame Wave               Conj/Fire      1%         2d4       97%         4
 Fulminant Prism          Conj/Alch      0%         3d5       97%         4
 Ignite Poison            Fire/Alch      1%         N/A       97%         4
 Leda's Liquefaction      Alch/Erth      0%         N/A       97%         4
 Manifold Assault         Tloc           1%         N/A       97%         4
 Martyr's Knell           Necr/Summ      1%         N/A       97%         4
 Olgreb's Toxic Radiance  Alch           1%         N/A       97%         4
 Passage of Golubria      Tloc           1%         N/A       97%         4
 Petrify                  Alch/Erth      1%         N/A       97%         4
 Sticky Flame             Fire/Alch      1%         2d4       97%         4
 Summon Blazeheart Golem  Fire/Summ      1%         N/A       97%         4
 Summon Lightning Spire   Summ/Air       1%         N/A       97%         4
 Vhi's Electric Charge    Tloc/Air       2%         N/A       97%         4
 Silence                  Hex/Air        2%         N/A       99%         5
 Summon Mana Viper        Hex/Summ       4%         N/A       99%         5
 Yara's Violent Unravell  Hex/Alch       2%         3d3       99%         5
 Arcjolt                  Conj/Air       0%         1d10      100%        5
 Curse of Agony           Necr           1%         N/A       100%        5
 Freezing Cloud           Conj/Ice/Air   0%         6-21      100%        5
 Irradiate                Conj/Alch      0%         3d11      100%        5
 Summon Forest            Summ/Tloc      0%         N/A       100%        5
 Conjure Ball Lightning   Conj/Air       0%         3x3d6     100%        6
 Death Channel            Necr           0%         N/A       100%        6
 Dispersal                Tloc           0%         N/A       100%        6
 Eringya's Noxious Bog    Alch           0%         4d6       100%        6
 Plasma Beam              Fire/Air       0%         2x1d10    100%        6
 Sculpt Simulacrum        Ice/Alch       0%         N/A       100%        6
 Starburst                Conj/Fire      0%         6d3       100%        6
 Summon Cactus Giant      Summ           0%         N/A       100%        6
 Enfeeble                 Hex            4%         N/A       100%        7
 Haunt                    Necr/Summ      0%         N/A       100%        7
 Discord                  Hex            4%         N/A       100%        8
 Disjunction              Tloc           0%         N/A       100%        8
 Ignition                 Fire           0%         3d3       100%        8
 Infestation              Necr           0%         N/A       100%        8
 Lehudib's Crystal Spear  Conj/Erth      0%         10d2      100%        8
 Maxwell's Capacitive Co  Air            0%         death     100%        8
 Chain Lightning          Conj/Air       0%         2d1       100%        9
 Death's Door             Necr           0%         N/A       100%        9
 Shatter                  Erth           0%         3d5*      100%        9

Inventory:

Hand Weapons
 a - a +9 hand cannon of freezing (weapon) {norare}
 L - the +3 greatsling "Punk" (offhand) {acid, rCorr}
   (You found it in a Gauntlet)

   rCorr:     It protects you from acid and corrosion.
Missiles
 f - 15 curare-tipped darts (quivered)
 K - 4 throwing nets
Armour
 b - +0 steam dragon scales
 d - a +2 cloak of stealth (worn)
 j - a +2 pair of gloves of stealth (worn)
 l - a +2 helmet (worn)
 u - a +1 hat of willpower
 v - a +3 leather armour of cold resistance
 z - a +3 leather armour of fire resistance
 C - a +3 troll leather armour (worn) {nodragon}
 O - the +0 cloak of the Thief {Quiet Slay-3 SInv Stlth+}
   (You found it on level 14 of the Dungeon)

   Quiet:     All noise in your surroundings is dampened.
   Slay-3:    It affects your accuracy & damage with ranged weapons and melee
   (-3).
   SInv:      It lets you see invisible.
   Stlth+:    It makes you more stealthy.
 S - the +1 pair of boots of Classification (worn) {rF+ MP+9 Int-5 Stlth+}
   (You acquired it on level 1 of the Crypt)

   Int-5:     It affects your intelligence (-5).
   rF+:       It protects you from fire.
   MP+9:      It affects your magic capacity (+9).
   Stlth+:    It makes you more stealthy.
 X - quicksilver dragon scales
Gizmo
 q - a neodymium booster (installed) {AutoDazzle, rElec Slay+3}
   (You invented it yourself on level 4 of the Lair of Beasts)

   [neodymium booster]

   AutoDazzle: It sometimes fires a blinding ray at enemies whose attacks you
   dodge.
   Slay+3:    It affects your accuracy & damage with ranged weapons and melee
   (+3).
   rElec:     It insulates you from electricity.
Wands
 m - a wand of flame (78)
 y - a wand of charming (50)
 D - a wand of mindburst (18)
 G - a wand of digging (33)
 I - a wand of polymorph (70)
 N - a wand of light (29)
 P - a wand of warping (23)
Scrolls
 i - 26 scrolls of teleportation
 n - 9 scrolls of fear
 p - 5 scrolls of blinking
 r - 9 scrolls of poison
 t - 13 scrolls of fog
 w - 2 scrolls of silence {!r}
 x - 8 scrolls of amnesia
 A - 2 scrolls of summoning
 Q - 8 scrolls of vulnerability
 R - 6 scrolls of enchant armour
Potions
 c - 6 potions of invisibility
 e - 22 potions of curing
 g - a potion of haste
 h - 12 potions of enlightenment
 k - 8 potions of mutation {!q}
 o - 7 potions of cancellation
 s - 15 potions of heal wounds
 B - 9 potions of might
 E - 4 potions of magic
 F - 4 potions of berserk rage {!q}
 H - 23 potions of ambrosia
 J - 13 potions of brilliance
 M - 3 potions of resistance
Miscellaneous
 T - a lightning rod (4/4)


Message History

The bolt closely misses the Orb Guardian.
You shoot a sling bullet. The sling bullet hits the Orb Guardian.
The Orb Guardian is splashed with acid.
The acid corrodes the Orb Guardian!
The Orb Guardian is lightly wounded.
You shoot a bolt. The bolt hits the Orb Guardian!
The bolt freezes the Orb Guardian.
The Orb Guardian is moderately wounded.
You shoot a sling bullet.
The sling bullet hits the Orb Guardian!!
The Orb Guardian is splashed with acid.
The Orb Guardian is heavily wounded.
You shoot a bolt. The bolt hits the Orb Guardian!!
The bolt freezes the Orb Guardian.
The Orb Guardian is almost dead.
You shoot a sling bullet. The sling bullet hits the Orb Guardian!
You kill the Orb Guardian!
Unknown command.
You swap places.
Things that are here:
a +2 long sword of holy wrath; a +0 tower shield
There is a stone staircase leading up here.
You climb upwards.
The gnoll shouts!
There is a stone staircase leading down here.
You shoot a bolt. The bolt hits the gnoll!!
The bolt freezes the gnoll.
You kill the gnoll!
You shoot a sling bullet.
HP restored.
Your extra speed is starting to run out.
You feel yourself slow down.
There is a stone staircase leading down here.
There is a stone staircase leading up here.
You feel yourself speed up.
Qw is recalled.
You climb upwards.
There is a stone staircase leading down here.
Magic restored.
You see here a ring of fire.
There is a staircase leading out of the dungeon here.
You have escaped!

###########..#######R#.........##
######## #..#.)...#.#.......#...
.......# #..#.........#.###.####
.......# #..#...#####.#.........
.......# #..#...#>..#.#.##.####.
.......# ##.#.....#.#....#%##...
.......# #.#.#####.#...........
.%.....# #.#.#.....#...#####.##
.......# #.#.R@#...#...........
.......# #.#####...#..#####.###
######## #.........#....#.#....
.# ###.#.....#..#.#.##### .##
#.#######..#.#...... ..##
#............#.##### #..##
##############'## ## ##..#
#.............# #. ##.#####
#.####........# #.


You could see the friendly qw the knight (reflecting).

Vanquished Creatures
  A dread lich (Zot:5)
  Khufu (Crypt:3)
  2 orbs of fire (Zot:5)
  3 ancient liches
  2 royal mummies (Crypt:3)
  Xtahua (Vaults:5)
  Boris (Vaults:5)
  Josephina (Crypt:1)
  Saint Roka (Vaults:1)
  5 Killer Klowns
  the Lernaean hydra (Swamp:4)
  Vashnia (Snake:4)
  A Head Instructor (WizLab)
  4 caustic shrikes
  Margery (Depths:3)
  2 curse toes
  Jory (Crypt:1)
  Norris (Vaults:3)
  A profane servitor (Crypt:3)
  5 golden dragons
  3 bone dragons
  An electric golem (Zot:5)
  Rupert (Lair:5)
  A spectral shard shrike (Crypt:3)
  2 liches
  6 tentacled monstrosities
  A walking crystal tome (Depths:3)
  The ghost of Emuible the Brawler, an adept TrSh of Ru (Swamp:1)
  3 deep elf blademasters
  2 deep elf master archers (Elf:3)
  19 Orb Guardians
  3 titans
  3 quicksilver dragons
  The ghost of zefi the Unseen, an adept GnWn of Gozag (Snake:4)
  A searing wretch (Depths:3)
  3 sphinxes
  Gastronok (D:8)
  9 shadow dragons
  An Executioner (D:12)
  2 ancient champions
  5 storm dragons
  6 tengu reavers
  2 thorn hunters
  Aizul (Snake:1)
  A daeva (D:3)
  A draconian monk (Zot:5)
  3 draconian knights
  6 nagarajas
  8 fire giants
  A revenant (Crypt:3)
  A protean progenitor (Zot:2)
  A draconian shifter (Depths:4)
  8 frost giants
  6 deep elf sorcerers
  3 iron dragons
  A caustic shrike zombie (Crypt:2)
  2 deep elf elementalists
  13 vault wardens
  A ghoul (Crypt:3)
  2 reapers (IceCv)
  3 orc warlords
  3 very ugly things
  12 ironbound preservers
  4 stone giants
  3 formless jellyfish (Vaults:2)
  2 spriggan defenders (Depths:3)
  The ghost of lucidstorm14 the Severer, a journeyman MiBe of Trog (D:15)
  2 vampire knights
  4 ironbound thunderhulks
  3 eleionomae
  2 deep elf demonologists (Elf:3)
  3 black draconians
  3 war gargoyles (Vaults:5)
  13 deep elf death magi
  A lorocyproca (D:12)
  7 bunyips
  2 yellow draconians
  3 purple draconians
  5 deep elf annihilators
  3 halazid warlocks (Desolation)
  2 white draconians
  12 spark wasps
  2 red draconians (Zot:5)
  7 dire elephants
  12 ettins
  16 jiangshi
  3 eidola
  A crystal guardian (Desolation)
  A merfolk javelineer (Depths:1)
  3 entropy weavers
  5 fire dragons
  9 ragged hierophants (Desolation)
  A shambling mangrove (Swamp:2)
  5 deep elf high priests
  5 salamander tyrants
  27 vault guards
  19 yaktaur captains
  A quicksilver dragon skeleton (Crypt:2)
  6 great orbs of eyes
  A caustic shrike simulacrum (IceCv)
  14 peacekeepers
  9 servants of whispers (Desolation)
  The ghost of Tollund the Carver, a journeyman GnRe of the Shining One (Lair:2)
  A spriggan zombie (Crypt:3)
  5 rakshasas
  6 ice dragons
  5 alligators
  A spriggan skeleton (Crypt:2)
  22 hydras
  4 anacondas
  4 ogre magi
  2 death knights
  8 ironbound frosthearts
  A ghost crab (Swamp:2)
  A sphinx skeleton (Vaults:3)
  2 catoblepae
  25 dancing weapons
  15 centaur warriors
  5 tengu warriors
  4 boulder beetles
  A spectral dire elephant (Lair:5)
  2 two-headed ogres
  4 deep troll earth magi
  6 vampire magi
  2 death yaks (Lair:5)
  4 deep troll shamans
  10 naga warriors
  5 orc high priests
  6 shock serpents
  A quicksilver ooze zombie (Crypt:2)
  3 spriggan berserkers
  18 hell knights
  4 soul eaters
  12 naga sharpshooters
  A titan zombie (Crypt:2)
  A titan skeleton (Crypt:2)
  11 deep elf knights
  An occultist (WizLab)
  25 skeletal warriors
  7 salamander mystics
  An iron troll (Depths:2)
  33 deep trolls
  8 skysharks
  A spectral death yak (Lair:5)
  A spectral anaconda (Lair:5)
  7 flayed ghosts
  4 glowing orange brains
  A shadow demon (D:8)
  3 spriggan druids
  An anaconda zombie (Crypt:2)
  2 goliath frogs (Swamp:1)
  11 naga ritualists
  10 harpies
  7 deep elf archers
  14 mana vipers
  A sun moth (shapeshifter) (Elf:2)
  5 arcanists
  3 obsidian statues
  11 swamp dragons
  12 lindwurms
  6 spriggan simulacra
  An anaconda skeleton (Crypt:1)
  17 bog bodies
  A steelbarb worm (shapeshifter) (Vaults:5)
  13 necromancers
  3 orc knights
  5 thermic dynamos
  24 ironbound convokers
  10 phantasmal warriors
  11 deep elf pyromancers
  A tengu skeleton (Depths:1)
  A wolf spider (shapeshifter) (Vaults:2)
  16 deep elf zephyrmancers
  7 orc sorcerers
  40 ugly things
  4 will-o-the-wisps
  6 manticores
  7 cyclopes
  2 kobold blastminers
  36 black mambas
  15 vault sentinels
  A moth of wrath (shapeshifter) (Elf:1)
  3 moths of wrath (Zot:5)
  18 salamanders
  2 torpor snails
  4 guardian serpents
  19 elephants
  2 titan simulacra
  A torpor snail (shapeshifter) (D:15)
  2 gargoyles
  2 rust devils
  2 molten gargoyles (Desolation)
  A smoke demon (Gauntlet)
  6 cane toads
  A centaur skeleton (D:15)
  4 dire elephant zombies
  15 naga magi
  2 large abominations
  2 rime drakes
  An alligator snapping turtle zombie (Crypt:2)
  A hellion (Depths:3)
  27 yaktaurs
  13 komodo dragons
  2 anaconda simulacra (IceCv)
  An efreet (D:10)
  A tormentor (D:5)
  3 ice devils (IceCv)
  A sea snake skeleton (Crypt:1)
  6 tengu conjurers
  A bunyip simulacrum (Crypt:2)
  13 freezing wraiths
  A yaktaur skeleton (Vaults:3)
  A white draconian skeleton (Crypt:1)
  2 guardian mummies (Crypt:1)
  7 trolls
  2 bloated husks
  68 saltlings (Desolation)
  A wind drake (shapeshifter) (D:15)
  An alligator simulacrum (Snake:3)
  8 hornets
  6 tyrant leeches
  A raiju (shapeshifter) (D:14)
  8 blink frogs
  A spectral elephant (Lair:5)
  A meliai zombie (D:15)
  A fire giant simulacrum (Depths:1)
  A human simulacrum (Crypt:1)
  A snapping turtle (shapeshifter) (Depths:3)
  9 wraiths
  An air elemental (Elf:2)
  A centaur simulacrum (D:14)
  Sigmund (D:3)
  19 slime creatures
  2 elf skeletons (Vaults:3)
  5 shadows
  6 water elementals
  2 basilisks
  6 spriggans
  7 wyverns
  3 wargs
  4 fire elementals
  44 yaks
  A human (D:14)
  11 minotaur simulacra
  A steam dragon (Lair:3)
  A redback (Vaults:2)
  10 vampire mosquitoes
  Menkaure (D:6)
  A death yak simulacrum (Lair:5)
  3 harpy simulacra
  9 swamp worms
  A chaos spawn (D:11)
  An acid dragon (D:11)
  43 nagas
  3 spectral cane toads (Lair:5)
  A fire bat zombie (Crypt:2)
  2 hydra simulacra (IceCv)
  17 water moccasins
  2 glowing shapeshifter skeletons
  18 orc warriors
  A swamp worm (shapeshifter) (Vaults:5)
  A faun skeleton (Crypt:1)
  9 swamp drakes
  A black bear (D:5)
  3 small abominations (Crypt:3)
  36 laughing skulls
  7 human skeletons
  4 ogres
  2 centaurs
  20 wolves
  An elephant skeleton (Lair:5)
  A kobold brigand (D:9)
  A rime drake skeleton (Crypt:2)
  2 weeping skulls
  12 bullfrogs
  A gnoll sergeant (D:4)
  3 earth elementals (Elf:1)
  A deep troll simulacrum (IceCv)
  A water moccasin zombie (D:4)
  A cane toad simulacrum (Lair:5)
  A water moccasin skeleton (Crypt:2)
  4 burial acolytes (Crypt:3)
  29 killer bees
  Dowan (D:5)
  An elephant simulacrum (Lair:5)
  A troll zombie (Crypt:1)
  4 electric eels
  3 howler monkeys
  A bombardier beetle (D:4)
  2 crimson imps (Gauntlet)
  5 jellies
  A black bear zombie (Crypt:1)
  3 gnoll boudas
  A human zombie (Crypt:1)
  24 orc priests
  A sleepcap (D:4)
  3 hounds
  Crazy Yiuf (D:5)
  4 iguanas
  31 orc wizards
  4 hell rats (Lair:5)
  2 mummies
  20 gnolls
  A river rat (D:4)
  3 adders
  A lava snake skeleton (Crypt:1)
  A ribbon worm (D:4)
  The ghost of petzl the Sneak, a weakling FoDe (D:8)
  2 dart slugs
  56 orcs
  2 bat zombies
  5 endoplasms
  A giant cockroach (D:3)
  8 hobgoblins
  13 jackals
  20 kobolds
  5 quokkas
  6 ball pythons
  9 bats
  2 frilled lizards
  A giant cockroach zombie (Crypt:2)
  3 goblins
  A kobold zombie (Crypt:2)
  5 rats
  A spectral weapon (Elf:2)
1916 creatures vanquished.

Vanquished Creatures (collateral kills)
  Frederick (Crypt:3)
  A dread lich (Depths:4)
  A Killer Klown (Zot:5)
  A caustic shrike (Depths:1)
  A curse toe (Depths:4)
  A golden dragon (Vaults:5)
  The ghost of Ciogeq the Sorcerer, an adept DECj of Vehumet (Vaults:4)
  4 Orb Guardians (Zot:5)
  A lich (Depths:1)
  A titan (Vaults:5)
  A sphinx (Vaults:4)
  A deep elf blademaster (Elf:3)
  A thorn hunter (Swamp:4)
  2 ancient champions
  2 death cobs (Depths:4)
  2 storm dragons
  3 tengu reavers
  2 draconian knights (WizLab)
  A nagaraja (Snake:4)
  4 shadow dragons
  A fire giant (Depths:1)
  A deep elf sorcerer (Elf:3)
  A frost giant (Depths:3)
  2 draconian monks
  A draconian scorcher (Zot:5)
  6 vault wardens
  A deep elf elementalist (Elf:3)
  2 reapers (IceCv)
  2 ironbound preservers (Vaults:4)
  A draconian annihilator (Zot:5)
  A formless jellyfish (Vaults:3)
  3 stone giants
  3 ironbound thunderhulks
  3 very ugly things
  A vampire knight (Crypt:2)
  A green draconian (Zot:5)
  A minotaur (Gauntlet)
  2 black draconians (Zot:5)
  A deep elf demonologist (Elf:3)
  A deep elf death mage (Crypt:3)
  A yellow draconian (Depths:4)
  2 spark wasps
  A dire elephant (Vaults:4)
  An eidolon (Depths:2)
  6 jiangshi
  A yaktaur captain (Vaults:2)
  A rakshasa (Depths:1)
  4 ragged hierophants (Desolation)
  2 deep elf high priests
  7 vault guards
  A spriggan air mage (Depths:1)
  2 peacekeepers
  A hell beast (Depths:2)
  4 hydras (Swamp:4)
  A catoblepas (Depths:2)
  An ice dragon (Depths:1)
  5 centaur warriors
  An anaconda (Depths:2)
  2 ironbound frosthearts (Vaults:2)
  2 dancing weapons (Elf:2)
  A death yak (Lair:5)
  2 deep troll shamans
  A death knight (Crypt:3)
  2 two-headed ogres
  A hell hog (Depths:2)
  A deep troll earth mage (Depths:1)
  A tengu warrior (D:14)
  A naga warrior (Snake:4)
  3 naga sharpshooters
  A spriggan (Swamp:2)
  A skyshark (Depths:2)
  An iron troll (Vaults:5)
  4 deep elf knights (Elf:2)
  A hell knight (Depths:1)
  A soul eater (Zot:1)
  2 death drakes
  A shadow wraith (Crypt:3)
  A mana viper (Snake:4)
  3 skeletal warriors
  6 deep trolls
  3 flayed ghosts
  A deep elf archer (Elf:2)
  An arcanist (WizLab)
  A bog body (IceCv)
  A ghost moth zombie (Crypt:1)
  2 spriggan druids
  3 phantasmal warriors
  A naga ritualist (Snake:4)
  A swamp dragon (Swamp:4)
  A spriggan simulacrum (Crypt:1)
  2 lindwurms
  A golden dragon skeleton (Depths:1)
  5 orc knights
  4 harpies
  A deep elf pyromancer (Elf:2)
  A deep elf zephyrmancer (Elf:2)
  A thermic dynamo (Elf:1)
  An orc sorcerer (Vaults:1)
  3 salamanders
  A cyclops (D:9)
  5 ugly things
  A stone giant skeleton (Vaults:3)
  4 black mambas
  3 vault sentinels
  A guardian serpent (Snake:4)
  A naga mage (Snake:4)
  A black mamba (shapeshifter) (D:15)
  An elephant (Lair:5)
  A centaur zombie (D:15)
  A molten gargoyle (Desolation)
  A torpor snail (Depths:2)
  3 freezing wraiths (IceCv)
  4 yaktaurs
  A komodo dragon (D:11)
  A guardian mummy (Depths:4)
  A tormentor (D:10)
  4 hornets
  A queen bee (Lair:1)
  2 tyrant leeches (Swamp:2)
  8 saltlings (Desolation)
  A blink frog (Lair:1)
  A slime creature (Vaults:1)
  A centaur simulacrum (D:15)
  A naga simulacrum (Crypt:2)
  A wraith (Crypt:3)
  2 basilisks
  3 wyverns
  A redback (Vaults:2)
  7 yaks
  A warg (Orc:1)
  Eustachio (D:4)
  A fire elemental (Elf:1)
  A steam dragon (D:8)
  2 vampire mosquitoes
  5 nagas
  3 water moccasins
  A swamp worm (Swamp:1)
  2 acid dragons
  Duvessa (D:5)
  Pargi (Sewer)
  A swamp drake (Swamp:4)
  2 orc warriors
  A sky beast (D:7)
  A black bear (D:6)
  9 laughing skulls
  3 wolves
  2 centaurs
  A phantom (D:5)
  3 kobold brigands
  2 bullfrogs
  A brain worm (Sewer)
  A scorpion (D:5)
  11 killer bees
  A bombardier beetle (D:5)
  5 orc priests
  3 gnoll boudas
  4 hounds
  3 iguanas
  A human skeleton (Crypt:1)
  2 sleepcaps
  11 orc wizards
  A hell rat (Lair:5)
  A boggart skeleton (D:15)
  A hound zombie (D:4)
  3 mummies (Crypt:1)
  18 gnolls
  5 adders
  A white imp (D:6)
  2 ribbon worms
  17 orcs
  4 bats
  2 endoplasms (Lair:4)
  6 jackals (D:4)
  A quokka (D:5)
  4 kobolds
  An aspiring flesh (Zot:2)
400 creatures vanquished.

Vanquished Creatures (others)
  A deep elf master archer (Elf:3)
  A yaktaur captain (Vaults:3)
  An anaconda (Snake:2)
  A deep elf archer (Elf:1)
  A vault sentinel (Vaults:4)
  6 yaktaurs
  A hornet (Gauntlet)
  A bloated husk (Swamp:1)
  A swamp worm (Swamp:2)
  A crimson imp (Gauntlet)
  14 knights
  2 ancestors (D:2)
  10 foxfires (Swamp:2)
41 creatures vanquished.

Grand Total: 2357 creatures vanquished

Notes
Turn   | Place    | Note
-------+----------+-------------------------------------------
     0 | D:1      | elliptic the Coglin Enchanter began the quest for the Orb.
     0 | D:1      | Reached XP level 1. HP: 13/13 MP: 3/3
   199 | D:1      | Reached skill level 1 in Fighting
   302 | D:1      | Found a faded altar of an unknown god.
   309 | D:1      | Prayed at the altar of an unknown god.
   309 | D:1      | Became a worshipper of Hepliaklqana the Forgotten
   309 | D:1      | Reached * piety under Hepliaklqana
   355 | D:1      | Reached XP level 2. HP: 18/18 MP: 4/4
   914 | D:2      | Found Xateobb's Magic Scroll Shoppe.
   917 | D:2      | Bought a scroll of fear for 48 gold pieces
   964 | D:2      | Reached XP level 3. HP: 24/25 MP: 2/5
  1106 | D:2      | Reached skill level 3 in Fighting
  1632 | D:2      | Reached ** piety under Hepliaklqana
  1633 | D:2      | Remembered your ancestor qw as a knight
  1743 | D:2      | Bought a scroll of poison for 48 gold pieces
  1774 | D:3      | Reached XP level 4. HP: 33/33 MP: 6/6
  1829 | D:3      | Found a stormy altar of Qazlal.
  2042 | D:3      | Noticed Sigmund
  2204 | D:3      | Reached XP level 5. HP: 38/38 MP: 7/7
  2633 | D:4      | Reached XP level 6. HP: 45/45 MP: 8/8
  2710 | D:4      | Reached skill level 6 in Fighting
  2750 | D:4      | Found a basalt altar of Yredelemnul.
  2794 | D:4      | Reached *** piety under Hepliaklqana
  2811 | D:4      | Reached skill level 3 in Dodging
  2841 | D:4      | Found a glowing drain.
  2867 | Sewer    | Entered a sewer
  2903 | Sewer    | Noticed Pargi
  2905 | Sewer    | Reached XP level 7. HP: 46/53 MP: 7/9
  2915 | Sewer    | Killed Pargi
  3280 | D:4      | Noticed Eustachio
  3283 | D:4      | hm okay
  3379 | D:4      | Killed Eustachio
  3548 | D:4      | Reached XP level 8. HP: 60/60 MP: 10/10
  3773 | D:4      | Reached skill level 1 in Ranged Weapons
  4079 | D:4      | Reached skill level 3 in Ranged Weapons
  4264 | D:5      | Entered Level 5 of the Dungeon
  4533 | D:5      | Found a staircase to the Ecumenical Temple.
  4555 | D:5      | Reached XP level 9. HP: 65/65 MP: 11/11
  4663 | D:5      | Reached skill level 6 in Ranged Weapons
  4694 | D:5      | Noticed Dowan
  5042 | D:5      | Noticed Duvessa
  5054 | D:5      | Killed Duvessa
  5070 | D:5      | Killed Dowan
  5215 | D:5      | Found a runed translucent door.
  5216 | D:5      | Noticed Crazy Yiuf
  5327 | D:5      | Reached **** piety under Hepliaklqana
  5456 | D:5      | Killed Crazy Yiuf
  5589 | D:3      | Killed Sigmund
  5752 | D:6      | Gained mutation: You expend magic power (3 MP) to
                  | strengthen your wands. [potion of mutation]
  5752 | D:6      | Gained mutation: You are weak. (Str -2) [potion of
                  | mutation]
  5752 | D:6      | Gained mutation: You are strong-willed. (Will+) [potion of
                  | mutation]
  5770 | D:6      | Noticed Menkaure
  5775 | D:6      | Killed Menkaure
  5937 | D:6      | Found a hide-covered altar of Uskayaw.
  6147 | D:6      | Found an ancient bone altar of Kikubaaqudgha.
  6150 | D:6      | Found a white marble altar of Elyvilon.
  6150 | D:6      | Found a shimmering blue altar of Sif Muna.
  6157 | D:6      | Found a shadowy altar of Dithmenos.
  6335 | D:7      | Reached skill level 9 in Ranged Weapons
  6505 | D:7      | Reached XP level 10. HP: 60/72 MP: 12/12
  6719 | D:7      | Found Tiguarph's Magic Scroll Boutique.
  6725 | D:7      | Bought a scroll of blinking for 90 gold pieces
  6725 | D:7      | Bought a scroll of teleportation for 36 gold pieces
  6725 | D:7      | Bought a scroll of blinking for 90 gold pieces
  6725 | D:7      | Bought a scroll of enchant armour for 90 gold pieces
  7274 | D:8      | Identified the +1 dire flail of the Moon {drain, rF+}
  7276 | D:8      | Noticed petzl's ghost (weakling FoDe)
  7277 | D:8      | Found a transporter.
  7281 | D:8      | Found a transporter.
  7320 | D:8      | Noticed a two-headed ogre
  7326 | D:8      | Killed a two-headed ogre
  7365 | D:8      | Found an opulent altar of Gozag.
  7577 | D:8      | Noticed Gastronok
  7578 | D:8      | hm
  7594 | D:8      | Killed Gastronok
  7595 | D:8      | Reached skill level 12 in Ranged Weapons
  7595 | D:8      | Reached XP level 11. HP: 77/77 MP: 4/13
  7636 | D:8      | Reached ***** piety under Hepliaklqana
  8114 | D:9      | Noticed a cyclops
  8126 | D:9      | Killed a cyclops
  8202 | D:9      | Found a staircase to the Orcish Mines.
  8764 | D:10     | Entered Level 10 of the Dungeon
  8958 | D:10     | Noticed a two-headed ogre
  8961 | D:9      | hm
  9009 | D:9      | Killed a two-headed ogre
  9010 | D:9      | Reached skill level 9 in Fighting
  9800 | D:11     | Noticed a manticore
  9816 | D:11     | Killed a manticore
 10075 | D:11     | Noticed a manticore
 10085 | D:11     | Killed a manticore
 10221 | D:11     | Noticed a cyclops
 10331 | D:11     | Killed a cyclops
 10407 | D:11     | Reached XP level 12. HP: 87/87 MP: 14/14
 10593 | D:11     | Noticed a two-headed ogre
 10603 | D:11     | Killed a two-headed ogre
 10681 | D:11     | Reached skill level 6 in Dodging
 10989 | D:11     | Reached skill level 1 in Invocations
 11075 | D:11     | Found a staircase to the Lair.
 11278 | D:12     | Found a gate leading to a gauntlet.
 11285 | Gauntlet | Entered a Gauntlet
 11285 | Gauntlet | Found a transporter.
 11285 | Gauntlet | Found a transporter.
 11285 | Gauntlet | Found a large runed translucent door.
 11285 | Gauntlet | Found a large runed translucent door.
 11285 | Gauntlet | Found a large runed translucent door.
 11285 | Gauntlet | Found a large runed translucent door.
 11285 | Gauntlet | Found a large runed translucent door.
 11285 | Gauntlet | Found a large runed translucent door.
 11285 | Gauntlet | Found a runed translucent door.
 11285 | Gauntlet | Found a runed translucent door.
 11285 | Gauntlet | Found a large runed translucent door.
 11285 | Gauntlet | Found a large runed translucent door.
 11285 | Gauntlet | Found a large runed translucent door.
 11285 | Gauntlet | Found a large runed translucent door.
 11285 | Gauntlet | Found a large runed translucent door.
 11285 | Gauntlet | Found a large runed translucent door.
 11290 | Gauntlet | Found a transporter.
 11306 | Gauntlet | Found a transporter.
 11320 | Gauntlet | Found a transporter.
 11334 | Gauntlet | Found a transporter.
 11356 | Gauntlet | Found a transporter.
 11427 | Gauntlet | Found a transporter.
 11427 | Gauntlet | Found a transporter.
 11437 | Gauntlet | Found a transporter.
 11447 | Gauntlet | Found a transporter.
 11450 | Gauntlet | Found a transporter.
 11465 | Gauntlet | Noticed a dire elephant
 11479 | Gauntlet | Found a large runed translucent door.
 11480 | Gauntlet | Found a large runed translucent door.
 11482 | Gauntlet | Found a runed translucent gate.
 11483 | Gauntlet | Found a runed translucent gate.
 11484 | Gauntlet | Found a runed translucent gate.
 11486 | Gauntlet | Found a large runed translucent door.
 11487 | Gauntlet | Found a large runed translucent door.
 11498 | Gauntlet | Found a transporter.
 11498 | Gauntlet | Found the +3 greatsling "Punk" {acid, rCorr}
 11514 | Gauntlet | Found a transporter.
 11532 | Gauntlet | Found a transporter.
 11541 | Gauntlet | Found a transporter.
 11736 | Gauntlet | Reached skill level 3 in Invocations
 11780 | Gauntlet | Paralysed by a hornet for 1 turns
 11808 | Gauntlet | Identified the ring "Laoticooss" {rC+ Str+4 Dex+5}
 11990 | Gauntlet | Acquired a +1 hand cannon of freezing
 12067 | Gauntlet | Identified the +5 lajatang of Wyrd {freeze, Stlth+}
 12067 | Gauntlet | Noticed a minotaur
 12079 | Gauntlet | Killed a minotaur
 12314 | D:2      | Bought a scroll of enchant weapon for 90 gold pieces
 12497 | D:12     | Noticed a boulder beetle
 12827 | D:12     | Noticed a two-headed ogre
 12830 | D:12     | Killed a two-headed ogre
 13125 | Lair:1   | Entered Level 1 of the Lair of Beasts
 13230 | Lair:1   | Reached skill level 6 in Invocations
 13434 | Lair:1   | Reached XP level 13. HP: 92/92 MP: 18/18
 13903 | Lair:2   | Reached skill level 9 in Dodging
 13937 | Lair:2   | Identified the +4 ring mail "Cearghed" {Harm}
 13959 | Lair:2   | Reached skill level 1 in Armour
 13999 | Lair:2   | Reached skill level 3 in Armour
 14071 | Lair:2   | Reached ****** piety under Hepliaklqana
 14437 | Lair:2   | Found a runed translucent gate.
 14437 | Lair:2   | Found a runed translucent gate.
 14437 | Lair:2   | Found a runed translucent gate.
 14440 | Lair:2   | Noticed Tollund's ghost (journeyman GnRe)
 14653 | Lair:3   | Found a staircase to the Swamp.
 14790 | Lair:3   | Found a staircase to the Snake Pit.
 14924 | Lair:3   | Reached skill level 15 in Ranged Weapons
 15319 | Lair:3   | Noticed Nessos
 15320 | Lair:3   | Nessos changed into Nessos the hound
 15320 | Lair:3   | Noticed Nessos
 15322 | Lair:3   | Killed Nessos the hound
 15554 | Lair:4   | Reached XP level 14. HP: 99/99 MP: 19/19
 15572 | Lair:4   | Acquired a neodymium booster {AutoDazzle, rElec Slay+3}
 15711 | Lair:4   | Identified the serpent talisman "Tock" {Str+3}
 15716 | Lair:5   | Entered Level 5 of the Lair of Beasts
 15930 | Lair:4   | Found a staircase to the Slime Pits.
 16292 | Lair:5   | Noticed Rupert
 16300 | Lair:5   | Killed Rupert
 17358 | Lair:2   | Killed Tollund's ghost
 17606 | D:8      | Killed petzl's ghost
 17665 | Orc:1    | Entered Level 1 of the Orcish Mines
 17769 | Orc:1    | Found a roughly hewn altar of Beogh.
 17773 | Orc:1    | Reached XP level 15. HP: 106/106 MP: 20/20
 17940 | Orc:2    | Entered Level 2 of the Orcish Mines
 18046 | Orc:2    | Reached skill level 18 in Ranged Weapons
 18063 | Orc:2    | Found Liadopn's Distillery.
 18063 | Orc:2    | Found Zike's Antique Armour Emporium.
 18064 | Orc:2    | Found Xijatwei's Armour Emporium.
 18069 | Orc:2    | Found Fega's Weapon Shoppe.
 18118 | Orc:2    | Found a staircase to the Elven Halls.
 18373 | Orc:2    | Bought a potion of curing for 39 gold pieces
 18373 | Orc:2    | Bought 2 potions of heal wounds for 130 gold pieces
 18373 | Orc:2    | Bought a potion of heal wounds for 65 gold pieces
 18376 | Orc:2    | Bought a pair of embroidered gloves for 195 gold pieces
 18541 | Orc:1    | Found Zuyq's Antique Weapon Shop.
 19608 | D:14     | Found Ylatarea's Magic Scroll Shoppe.
 19612 | D:14     | Bought a scroll of teleportation for 48 gold pieces
 19612 | D:14     | Bought a scroll of blinking for 120 gold pieces
 19612 | D:14     | Bought a scroll of blinking for 120 gold pieces
 19612 | D:14     | Bought a scroll of enchant armour for 120 gold pieces
 19612 | D:14     | Bought a scroll of enchant armour for 120 gold pieces
 19770 | D:14     | Found the +0 cloak of the Thief {Quiet Slay-3 SInv Stlth+}
 19995 | D:14     | Reached skill level 12 in Fighting
 20236 | D:14     | Found a gate to the Vaults.
 20481 | D:14     | Reached skill level 6 in Armour
 20658 | D:15     | Entered Level 15 of the Dungeon
 20659 | D:15     | Found a runed translucent gate.
 20762 | D:15     | Found a runed translucent gate.
 20762 | D:15     | Found a runed translucent gate.
 20767 | D:15     | Noticed lucidstorm14's ghost (journeyman MiBe)
 20774 | D:15     | Identified the +7 long sword "Lifebane" {vamp, Str-5 Int+7}
 20943 | D:15     | Reached XP level 16. HP: 114/114 MP: 21/21
 21390 | D:15     | Found a staircase to the Depths.
 21555 | D:15     | Reached skill level 12 in Dodging
 21562 | D:15     | Killed lucidstorm14's ghost
 21591 | D:15     | Identified the ring "Bouriw" {rN+ Int+4 Slay+3}
 21861 | Swamp:1  | Entered Level 1 of the Swamp
 21928 | Swamp:2  | hm
 21928 | Swamp:2  | this is why I dislike hep
 21951 | Swamp:2  | stop it
 21954 | Swamp:2  | ugh
 21956 | Swamp:2  | HP: 23/117 [will-o-the-wisp/foxfire (29)]
 22065 | Swamp:1  | Noticed a thorn hunter
 22069 | Swamp:1  | Killed a thorn hunter
 22291 | Swamp:1  | Found a runed translucent door.
 22408 | Swamp:1  | Noticed Emuible's ghost (adept TrSh)
 22428 | Swamp:1  | Killed Emuible's ghost
 22717 | Snake:1  | Entered Level 1 of the Snake Pit
 23006 | Snake:1  | Reached XP level 17. HP: 124/124 MP: 22/22
 23032 | Snake:1  | Reached skill level 9 in Armour
 23260 | Snake:1  | Identified the serpent talisman of the Saviour {*Slow rElec
                  | rC+ Slay+2}
 23260 | Snake:1  | Noticed Aizul
 23267 | Snake:1  | Killed Aizul
 24322 | Snake:2  | Identified the +8 long sword of Context {antimagic,
                  | *Corrode Str+6 Dex+3}
 24596 | Snake:3  | ice cave
 24721 | Snake:3  | Found a glacial archway.
 24762 | IceCv    | Entered an ice cave
 24893 | IceCv    | Reached skill level 15 in Fighting
 25616 | Snake:3  | Found Seil's Assorted Antiques.
 25616 | Snake:3  | Found Zecrasch's Book Shoppe.
 25955 | Snake:4  | Entered Level 4 of the Snake Pit
 25959 | Snake:4  | Reached XP level 18. HP: 135/135 MP: 23/23
 26129 | Snake:4  | Found a runed translucent gate.
 26129 | Snake:4  | Found a runed translucent gate.
 26129 | Snake:4  | Found a runed translucent gate.
 26129 | Snake:4  | Noticed zefi's ghost (adept GnWn)
 26306 | Snake:4  | Found Yse Etin's Distillery.
 26314 | Snake:4  | Bought a potion of resistance for 180 gold pieces
 26501 | Snake:4  | Found Woollasar's Book Shoppe.
 26502 | Snake:4  | Found Xunleasu's Jewellery Boutique.
 26503 | Snake:4  | Found Neusarit's Book Shoppe.
 26729 | Snake:4  | Noticed Vashnia
 26823 | Snake:4  | Killed Vashnia
 26873 | Snake:4  | Reached skill level 18 in Fighting
 27332 | Snake:4  | Got a serpentine rune of Zot
 27504 | Snake:4  | Killed zefi's ghost
 28106 | Swamp:3  | Found a white marble altar of Elyvilon.
 28469 | Swamp:4  | Entered Level 4 of the Swamp
 28511 | Swamp:4  | Reached XP level 19. HP: 145/150 MP: 24/24
 28648 | Swamp:4  | Noticed the 27-headed Lernaean hydra
 28873 | Swamp:4  | Killed the 26-headed Lernaean hydra
 29090 | Swamp:4  | Got a decaying rune of Zot
 29756 | Elf:1    | Entered Level 1 of the Elven Halls
 29777 | Elf:1    | Found a radiant altar of Vehumet.
 29839 | Elf:1    | Reached skill level 21 in Fighting
 30235 | Elf:1    | hm
 30627 | Elf:1    | Found a stormy altar of Qazlal.
 30804 | Elf:2    | Found a huge runed translucent gate.
 30804 | Elf:2    | Found a huge runed translucent gate.
 30804 | Elf:2    | Found a huge runed translucent gate.
 30806 | Elf:2    | Found a huge runed translucent gate.
 30807 | Elf:2    | Found a huge runed translucent gate.
 30889 | Elf:2    | Identified the +1 dagger of the Known World {antimagic,
                  | rPois rN+ Int-3 Dex+3}
 31436 | Elf:2    | Reached XP level 20. HP: 162/162 MP: 25/25
 31607 | Elf:3    | Entered Level 3 of the Elven Halls
 31739 | Elf:3    | Identified the +0 leather armour of Lugonu's Supremacy
                  | {Int+8}
 31753 | Elf:3    | Got the Anthology of Changed Conduction
 31948 | Elf:3    | Found Ceahayk's Weapon Boutique.
 32475 | Vaults:1 | Entered Level 1 of the Vaults
 32499 | Vaults:1 | Noticed Saint Roka
 32511 | Vaults:1 | Killed Saint Roka
 32547 | Vaults:1 | Found Ragh's Book Boutique.
 32560 | Vaults:1 | Found Gilic's Antique Weapon Shop.
 32583 | Vaults:1 | Reached skill level 15 in Dodging
 32590 | Vaults:1 | Found a crumbling gateway.
 32599 | Desolati | Entered the Desolation of Salt
 33091 | Desolati | Identified the ring of Lixt {rN+ Dex+6 SInv}
 33143 | Desolati | Got the Parchment of the Nocuous Graveyard
 33144 | Desolati | Identified the +0 pair of boots of Plog {Dex+2}
 33172 | Desolati | Identified the +4 short sword "Pynn" {flame, Str+2}
 33436 | Desolati | Found the necklace of Bloodlust {Fury *Rage Will++ Int-3
                  | Slay+6}
 33444 | Desolati | Identified the staff "Qaiskef" {SInv Summ Earth}
 33681 | Vaults:1 | Reached XP level 21. HP: 174/174 MP: 26/26
 33804 | Vaults:1 | Identified the amulet of New Discoveries {Rampage rC+
                  | Regen+ Str+3 Int-5}
 33808 | Vaults:1 | Reached skill level 24 in Fighting
 33808 | Vaults:1 | Reached XP level 22. HP: 182/182 MP: 27/27
 34099 | Vaults:1 | ow
 34099 | Vaults:1 | why lag
 35563 | Vaults:2 | Identified the +0 robe "Damnable Contraption" {Harm rPois}
 35666 | Vaults:2 | Acquired 819 gold pieces
 35862 | Vaults:3 | Got Sif Muna's Directory of the Gloomy Great Work
 35983 | Vaults:3 | Reached XP level 23. HP: 191/191 MP: 28/28
 36078 | Vaults:3 | Identified the +3 mace of Hacking and Slashing {heavy,
                  | Will+ Int+3}
 36171 | Vaults:3 | Identified the +3 longbow of Arbitration {speed, rPois rN++
                  | Str+2 Int-4}
 36253 | Vaults:3 | Noticed Norris
 36260 | Vaults:3 | Killed Norris
 36697 | Vaults:3 | Found a staircase to the Crypt.
 36766 | Vaults:3 | Paralysed by a formless jellyfish for 1 turns
 37034 | Vaults:4 | Identified the +0 chain mail of Omimn {*Slow rN++ Int+4}
 37055 | Vaults:4 | Noticed a golden dragon
 37058 | Vaults:4 | Killed a golden dragon
 37104 | Vaults:4 | Noticed a golden dragon
 37111 | Vaults:4 | Killed a golden dragon
 37227 | Vaults:4 | Reached skill level 18 in Dodging
 37405 | Vaults:4 | Found Iseol's Distillery.
 37498 | Vaults:4 | Acquired a manual of Spellcasting
 37661 | Vaults:4 | Identified the staff "Ogre's Curse" {rElec rC- Str+8 Dex-2
                  | Air}
 37917 | Vaults:4 | Found Vekeq's Magic Scroll Shoppe.
 37920 | Vaults:4 | Bought a scroll of teleportation for 36 gold pieces
 37920 | Vaults:4 | Bought a scroll of blinking for 90 gold pieces
 37920 | Vaults:4 | Bought 3 scrolls of teleportation for 108 gold pieces
 38001 | Vaults:4 | Found a runed translucent gate.
 38001 | Vaults:4 | Found a runed translucent gate.
 38001 | Vaults:4 | Found an opulent altar of Gozag.
 38001 | Vaults:4 | Found a runed translucent gate.
 38001 | Vaults:4 | Found Peguam Gope's Assorted Antiques.
 38003 | Vaults:4 | Found Hafojeca's Assorted Antiques.
 38045 | Vaults:4 | Noticed Ciogeq's ghost (adept DECj)
 38798 | Elf:3    | hm
 39056 | Elf:3    | Reached skill level 27 in Fighting
 39117 | Elf:3    | Reached XP level 24. HP: 204/204 MP: 28/28
 39144 | Elf:3    | Identified the +1 long sword of Income {antimagic, rElec}
 39191 | Elf:3    | Got the Secrets of the Stygian Entourage
 39194 | Elf:3    | Identified the +5 scale mail "Duus" {rCorr}
 39197 | Elf:3    | Identified the +0 scale mail "Sargh" {*Corrode rElec rC-
                  | Dex+9}
 39206 | Elf:3    | Identified the +7 trident "Loledant" {flame, rElec Dex+2}
 39215 | Elf:3    | Identified the +4 dire flail of the Screaming Bear {speed,
                  | Str+6}
 39220 | Elf:3    | Identified the +10 war axe of Ash {vamp, Fly rF+++ Str-2
                  | Dex+3}
 39223 | Elf:3    | Identified the staff of the Uplifting Gods {+Blink Fly rC+
                  | Dex+4 Tloc Ice}
 39227 | Elf:3    | Got Gologhy's Exposition on Charnel Quicksand
 39232 | Elf:3    | Got the Atlas of the Curse
 39238 | Elf:3    | Got the Information on the Syncline and the Wind
 39812 | Crypt:1  | Entered Level 1 of the Crypt
 39854 | Crypt:1  | oh oops hm
 39854 | Crypt:1  | what
 39854 | Crypt:1  | I see
 40169 | Crypt:1  | Acquired the +1 pair of boots of Classification {rF+ MP+9
                  | Int-5 Stlth+}
 40251 | Crypt:1  | Noticed Jory
 40252 | Crypt:1  | hi
 40259 | Crypt:1  | Killed Jory
 40562 | Crypt:1  | Identified the ring of Ysazokhi {Ice rPois rN+ Int-5}
 40562 | Crypt:1  | Noticed Josephina
 40571 | Crypt:1  | Killed Josephina
 41370 | Crypt:3  | Entered Level 3 of the Crypt
 41400 | Crypt:3  | Noticed a royal mummy
 41407 | Crypt:3  | Killed a royal mummy
 41407 | Crypt:3  | Noticed a royal mummy
 41408 | Crypt:3  | Noticed Khufu
 41413 | Crypt:3  | Killed a royal mummy
 41414 | Crypt:3  | Reached skill level 21 in Dodging
 41417 | Crypt:3  | Killed Khufu
 41689 | Crypt:3  | Found an ancient bone altar of Kikubaaqudgha.
 41781 | Crypt:3  | Identified the orb of Submission {light, rN+ rCorr Earth}
 41781 | Crypt:3  | Noticed Frederick
 41788 | Crypt:3  | Killed Frederick
 41963 | Crypt:3  | Reached skill level 9 in Invocations
 41999 | Crypt:3  | Identified the +11 dagger "Weavvuce" {pain, rN+ Dex+2}
 42116 | Crypt:3  | I guess
 42137 | Crypt:3  | eh
 42169 | Crypt:3  | Reached XP level 25. HP: 207/208 MP: 30/30
 42183 | Crypt:3  | Found a staircase to the Tomb.
 42183 | Crypt:3  | Noticed an ancient lich
 42193 | Crypt:3  | Killed an ancient lich
 42215 | Crypt:3  | Got the Commentary on Shades
 42648 | Depths:1 | Entered Level 1 of the Depths
 42669 | Depths:1 | why
 42671 | Depths:1 | hm
 42679 | Depths:1 | why
 42922 | Depths:1 | Found a gateway to Hell.
 43143 | Depths:1 | Identified the staff of Yplagg {^Drain rC++ rN++ Earth}
 43184 | Depths:1 | Found a one-way gateway to a ziggurat.
 43305 | Depths:1 | Found Lotyn's Assorted Antiques.
 43310 | Depths:1 | Found Leijuomn's Antique Armour Shop.
 43941 | Depths:2 | Found a one-way gate leading to the halls of Pandemonium.
 44076 | Depths:2 | Found a glowing golden altar of the Shining One.
 44259 | Depths:2 | Reached skill level 24 in Dodging
 44379 | Depths:2 | Identified the +0 leather armour of Dozu Gue {rPois rN+}
 44620 | Depths:3 | Found a white marble altar of Elyvilon.
 44815 | Depths:3 | Found a one-way gate to the infinite horrors of the Abyss.
 44822 | Depths:3 | Noticed Margery
 44831 | Depths:3 | oh
 44850 | Depths:3 | Killed Margery
 44954 | Depths:3 | Reached XP level 26. HP: 207/217 MP: 30/30
 45552 | Depths:4 | Entered Level 4 of the Depths
 45606 | Depths:4 | Found a magical portal.
 45609 | WizLab   | Entered Yara's Duelist Academy
 45987 | WizLab   | Noticed Ifaim
 45992 | WizLab   | Killed Ifaim the Head Instructor
 46045 | WizLab   | Got Yara's Omnibus of Fascination
 46174 | Depths:4 | Found a radiant altar of Vehumet.
 46242 | Depths:4 | Found Dotyn's Weapon Emporium.
 46369 | Depths:4 | Found Bargh's Book Shop.
 46465 | Depths:4 | Found a gate to the Realm of Zot.
 47017 | Vaults:1 | Bought a manual of Ranged Weapons for 880 gold pieces
 47148 | Vaults:4 | Killed Ciogeq's ghost
 47205 | Vaults:4 | Bought a scroll of teleportation for 84 gold pieces
 47236 | Vaults:5 | Entered Level 5 of the Vaults
 47349 | Vaults:5 | Noticed Xtahua
 47355 | Vaults:5 | Killed Xtahua
 47561 | Vaults:5 | Identified the amulet "Uhoinykh" {Reflect rElec rF- SH+5
                  | Stlth+}
 47585 | Vaults:5 | Identified the +2 robe of Valiance {Int+4}
 47585 | Vaults:5 | Noticed Boris
 47593 | Vaults:5 | Killed Boris
 47655 | Vaults:5 | Noticed an ancient lich
 47661 | Vaults:5 | Killed an ancient lich
 47706 | Vaults:5 | Reached skill level 27 in Dodging
 47748 | Vaults:5 | Reached XP level 27. HP: 224/224 MP: 30/30
 47810 | Vaults:5 | Identified the amulet "Cukonyid" {Acrobat rC+ Str+3 Dex+2}
 47974 | Vaults:5 | Identified the +0 dagger of the Forest {freeze, rC+++ Str-2
                  | Dex+8}
 48135 | Vaults:5 | Found Haca's Magic Scroll Shop.
 48145 | Vaults:5 | Bought a scroll of teleportation for 39 gold pieces
 48148 | Vaults:5 | Got a silver rune of Zot
 48218 | Vaults:5 | Found the +3 Elemental Staff {ele, rElec rF+ rC+ AC+3}
 48334 | Vaults:5 | Got Xypsas's Reference Book on the Variable Jinx
 48624 | Vaults:4 | Bought a glowing helmet for 210 gold pieces
 48682 | Vaults:5 | Bought a scroll of fear for 52 gold pieces
 48760 | Vaults:4 | Bought a potion of resistance for 140 gold pieces
 48760 | Vaults:4 | Bought a potion of mutation for 112 gold pieces
 48760 | Vaults:4 | Bought a potion of ambrosia for 112 gold pieces
 48760 | Vaults:4 | Bought a potion of cancellation for 112 gold pieces
 48760 | Vaults:4 | Bought a potion of enlightenment for 70 gold pieces
 48793 | Vaults:4 | Bought a potion of curing for 84 gold pieces
 48793 | Vaults:4 | Bought a scroll of fear for 112 gold pieces
 48972 | D:14     | Bought a scroll of fog for 64 gold pieces
 49261 | Snake:3  | Bought a potion of mutation for 288 gold pieces
 49314 | Snake:4  | Bought a potion of enlightenment for 90 gold pieces
 49314 | Snake:4  | Bought a potion of cancellation for 144 gold pieces
 49314 | Snake:4  | Bought 2 potions of curing for 108 gold pieces
 49314 | Snake:4  | Bought a potion of brilliance for 72 gold pieces
 49314 | Snake:4  | Bought a potion of curing for 54 gold pieces
 49314 | Snake:4  | Bought a potion of enlightenment for 90 gold pieces
 49690 | Orc:2    | Bought a potion of invisibility for 104 gold pieces
 49690 | Orc:2    | Bought 2 potions of magic for 208 gold pieces
 49975 | Depths:1 | Bought a potion of brilliance for 120 gold pieces
 49975 | Depths:1 | Bought a potion of cancellation for 240 gold pieces
 50074 | Zot:1    | Entered Level 1 of the Realm of Zot
 50074 | Zot:1    | Noticed a dread lich
 50082 | Depths:4 | Paralysed by a dread lich for 3 turns
 50082 | Depths:4 | Killed a dread lich
 50091 | Zot:1    | Noticed an ancient lich
 50368 | Zot:1    | why
 50373 | Zot:1    | Killed an ancient lich
 50374 | Zot:1    | Reached skill level 21 in Ranged Weapons
 50565 | Zot:4    | Found a transporter.
 50579 | Zot:5    | Entered Level 5 of the Realm of Zot
 50858 | Zot:5    | Reached skill level 12 in Armour
 51050 | Zot:5    | Got a prismatic gem with 315 turns to spare
 51095 | Zot:5    | Noticed an orb of fire
 51103 | Zot:5    | Killed an orb of fire
 51115 | Zot:5    | Killed a dread lich
 51164 | Zot:5    | Noticed an orb of fire
 51171 | Zot:5    | Killed an orb of fire
 51186 | Zot:5    | Noticed an electric golem
 51196 | Zot:5    | Killed an electric golem
 51340 | Zot:5    | Got the Orb of Zot
 51649 | D:12     | Reached skill level 12 in Invocations
 51838 | D:5      | Noticed Ycuejuhezo the pandemonium lord
 51846 | D:4      | Gained mutation: You are clumsy. (Dex -2) [a neqoxec]
 51964 | D:$      | Escaped with the Orb!

Levels and vault maps discovered:
D:1:      ebering_trefoil_twist, layout_basic,
          dreamdust_ecumenical_altar_hidden_monk_grotto
D:2:      layout_basic, serial_shops, nicolae_shop_rolled_up, grunt_ministairs_1
D:3:      layout_basic, grunt_qazlal_clouds, uniq_sigmund
D:4:      lemuel_castle_with_subvaults [lemuel_castle_interior_carwin_2],
          layout_cave_pools, lemuel_zombie_altar_yredelemnul,
          gup_sewer_entry_bowl, uniq_eustachio
D:5:      layout_cave_pools, minmay_temple_entry_overgrown,
          hangedman_decor_peaks_small, minmay_splitting_lines,
          grunt_decor_fettered, dk_noncrumbling_2, grunt_ministairs_10,
          minmay_misc_feat_tiny, hangedman_decor_clover_reticule,
          eino_small_chamber_without_monster, uniq_duvessa,
          uniq_crazy_yiuf_cottage
D:6:      layout_rooms, nicolae_overflow_hallway_of_the_gods,
          serial_bayou_pond_e, uniq_menkaure
D:7:      layout_loops_ring, serial_shops, nicolae_shop_hallway_plus
D:8:      layout_gridville, mainiacjoe_overflow_alcove_1, gammafunk_ghost_smash,
          minmay_misc_feat_cross, uniq_gastronok
D:9:      layout_long_grid, orc_0_dummy
D:10:     layout_cave_pools, nrook_pool_corridor
D:11:     layout_stronghold, erik_lair_dragon, bh_walls_and_bars
D:12:     layout_roguey, gauntlet_entry_generic, nzn_sisyphean_effort
D:13:     layout_loops_ring, hangedman_decor_opposing
D:14:     layout_basic, grunt_vaults_entry_fortified,
          chequers_serial_rivers_micro_b, serial_shops,
          nicolae_shop_getting_attention
D:15:     grunt_enter_depths_magical_seal, layout_layer_cave,
          gammafunk_ghost_split, nicolae_figureground_sparkle
Lair:1:   layout_roguey [special_room_bee], grunt_megastairs_4
Lair:2:   layout_chaotic_city, gammafunk_ghost_hydra_chop, grunt_megastairs_2
Lair:3:   layout_small_grid, minmay_swamp_entry_reptiles,
          guppyfry_snake_entry_garden, wad_woods_river_01, grunt_megastairs_5,
          infiniplex_staircase_pool_2, uniq_nessos
Lair:4:   layout_roguey, slime_entry_2, serial_bayou_shore_b
Lair:5:   due_jungle_book, layout_long_grid, nicolae_lair_lil_pond,
          lemuel_fruit_tree, serial_bayou_shore_a, uniq_rupert
Swamp:1:  layout_falls_marsh, gammafunk_ghost_grave,
          evilmike_swamp_ruin_house_5, swamp_pool_1_2
Swamp:2:  layout_falls_marsh, evilmike_swamp_ruin_house_2, swamp_pool_1_2
Swamp:3:  layout_basic_swamp, nicolae_swamp_godswood, infiniplex_staircase_pool
Swamp:4:  grunt_swamp_rune_castle, layout_basic_swamp,
          nicolae_swamp_tree_designs, swamp_pool_4
Snake:1:  layout_gridlike, nicolae_snake_shapes, grunt_megastairs_3,
          serial_bayou_shore_b, uniq_aizul
Snake:2:  layout_gridlike, eino_curves_04, nicolae_fountain_basement
Snake:3:  layout_cave_shapes, portal_ice_cave_entry_ice_simulacra,
          minmay_shoptagon, grunt_megastairs_1
Snake:4:  johnstein_snake_rune_scales, layout_misc_corridors,
          gammafunk_ghost_split, serial_shops, shop, minmay_shop_grove
Orc:1:    layout_caves, basic_altar, serial_shops, shop_statue,
          nicolae_orc_stony_grotto
Orc:2:    st_orc_mages, layout_diamond_mine
Elf:1:    eino_elf_arrival_altar, layout_geoelf_grid, serial_sigils,
          serial_sigils_hangedman_scar, serial_sigils_hangedman_gut,
          serial_sigils_hangedman_gnaw, serial_sigils_hangedman_etch,
          serial_sigils_hangedman_shear, nicolae_elf_altarnating
Elf:2:    elven_hall_of_blades_hangedman_alternative [grunt_blade_entry_basic],
          layout_geoelf_diagonals, corexii_hall_statues_l
Elf:3:    minmay_elf_hall_statues, layout_loops_cross, serial_shops, shop
Vaults:1: portal_desolation_entry_ruin, nicolae_vaults_tetromino_Z_2,
          nicolae_vaults_tetromino_Z_1, v_misc_16, v_misc_32,
          nicolae_vaults_trapezoid_1, vaults_standard_mumra_lines,
          vaults_room_corners, nicolae_vaults_trapezoid_lopsided_3,
          layout_vaults_omnicross, serial_shops, shop, shop, uniq_saint_roka
Vaults:2: nicolae_vaults_swerve, nicolae_vaults_lopsided_apartments,
          nicolae_vaults_storage_closets_1, nicolae_vaults_big_angled_halls,
          hangedman_vaults_pinch, nicolae_vaults_border_crossing,
          hangedman_vaults_stitches, nicolae_vaults_wrenched,
          ontoclasm_vaults_fault, hangedman_vaults_trim,
          nicolae_vaults_variable_pillar_hall, nicolae_vaults_house_2,
          layout_vaults_omnibox
Vaults:3: vaults_dpeg_emergency_exit, vaults_mumra_chevron_long,
          minmay_crypt_entry_skeletal_spiral, nicolae_vaults_mitosis,
          nicolae_vaults_more_shelving_1, nicolae_vaults_twisting_passages,
          v_pattern_5, nicolae_vaults_security_offices_2,
          nicolae_vaults_weapon_check, layout_vaults_quadrants, uniq_norris
Vaults:4: ebering_ghost_gozag, hangedman_vaults_restitches, v_misc_23,
          hangedman_vaults_capsules, nicolae_vaults_door_testing_chamber,
          vaults_mumra_hex, v_misc_24, ontoclasm_vaults_loading_screen,
          vaults_mumra_lcd, hangedman_vaults_cutoff, st_hourglassy,
          vaults_room_pool, nicolae_vaults_theta, hangedman_vaults_trim,
          layout_vaults_ring, serial_shops, nicolae_diamond_shop,
          nicolae_shop_rolled_up
Vaults:5: uniq_boris, uniq_xtahua
Crypt:1:  layout_misc_corridors, grunt_crypt_arrival_guarded_gate,
          uniq_josephina, uniq_jory
Crypt:2:  layout_misc_corridors
Crypt:3:  grunt_crypt_end_deaths_head, uniq_khufu, uniq_frederick
Depths:1: layout_cave_pools, enter_ziggurat_f, hell_entry,
          minmay_the_grid_square_5x5_3x3_mashed [minmay_the_grid_square_5x5_c,
          minmay_the_grid_square_5x5_two,
          minmay_the_grid_square_5x5_beaten_path,
          minmay_the_grid_square_5x5_tie,
          minmay_the_grid_square_5x5_megaprize_diamond,
          minmay_the_grid_square_5x5_moneybag,
          minmay_the_grid_square_5x5_bracketed,
          minmay_the_grid_square_5x5_tri_point,
          minmay_the_grid_square_5x5_minibox], minmay_shop_star
Depths:2: hangedman_hanging_gardens, layout_gridville, grunt_mini_vestibule,
          pan_entry, tso_oasis_becter, minmay_staircase_statues_hall_small
Depths:3: evilmike_horseshoe, layout_gridlike, hell_entry, elyvilon_altar_1,
          serial_curves, eino_curves_02, eino_curves_03, abyss_entry,
          kennysheep_generic_room_14, uniq_margery
Depths:4: grunt_zot_entry_pinwheel, layout_cave_shapes, hell_entry,
          serial_shops, nicolae_shop_mannequins, nicolae_shop_statue_plus,
          nicolae_vehumet_altar_sigil, mu_enter_wizlab_7, rand_demon_pan_entry_8
Zot:1:    hangedman_snap_crack_crunch, layout_cathedral_of_symmetry,
          ebering_ghost_reflecting_pool
Zot:2:    layout_misc_corridors, uniq_parghit
Zot:3:    gammafunk_sealed_arena, layout_misc_corridors
Zot:4:    layout_misc_corridors, nicolae_transporter_intersection
Zot:5:    layout_twisted_circle, grunt_ministairs_10

Action                     |  1- 3 |  4- 6 |  7- 9 | 10-12 | 13-15 | 16-18 | 19-21 | 22-24 | 25-27 || total
---------------------------+-------+-------+-------+-------+-------+-------+-------+-------+-------++-------
  Melee: Dagger            |   105 |    51 |    42 |       |       |       |       |       |       ||   198
         Whip              |     2 |       |       |       |       |       |       |       |       ||     2
         War axe           |       |    18 |       |       |       |       |       |       |       ||    18
         Mace              |       |    10 |       |       |       |       |       |       |       ||    10
         Flail             |       |     8 |       |       |       |       |       |       |       ||     8
         Falchion          |       |    54 |    49 |       |       |       |       |       |       ||   103
   Fire: Sling             |       |       |   652 |  1072 |       |       |       |       |       ||  1724
         Greatsling        |       |       |       |   111 |   697 |   742 |   623 |  1117 |  1130 ||  4420
         Hand cannon       |       |       |       |    89 |   697 |   742 |   623 |  1117 |  1130 ||  4398
  Throw: Dart              |       |       |       |       |     1 |       |       |       |     2 ||     3
 Invoke: Ancestor Identity |     1 |       |       |       |       |       |       |       |       ||     1
         Recall Ancestor   |     5 |       |     6 |    13 |     5 |     4 |     1 |     4 |     7 ||    45
         Ancestor Life: Kn |     1 |       |       |       |       |       |       |       |       ||     1
         Idealise          |       |       |       |     1 |       |     4 |     2 |     3 |     5 ||    15
         Transference      |       |       |       |     1 |       |     1 |       |       |     2 ||     4
Ability: Invent Gizmo      |       |       |       |       |     1 |       |       |       |       ||     1
  Evoke: Wand              |       |       |     3 |     6 |     1 |       |       |     1 |       ||    11
    Use: Scroll            |     4 |       |    10 |    13 |     6 |     6 |     6 |     4 |    10 ||    59
         Potion            |       |       |     1 |     2 |       |     1 |     1 |     1 |     8 ||    14
   Stab: Sleeping          |     4 |     1 |     1 |       |       |       |       |       |       ||     6
 Armour: Ring mail         |    24 |    55 |    52 |       |       |       |       |       |       ||   131
         Leather armour    |       |       |    22 |    52 |       |     4 |       |       |       ||    78
         Troll leather arm |       |       |       |    38 |    57 |    31 |    52 |   146 |   140 ||   464
         Swamp dragon scal |       |       |       |       |       |    90 |     6 |       |       ||    96
         Skin              |       |       |       |       |       |     1 |       |       |       ||     1
  Dodge: Dodged            |    17 |    29 |    73 |   115 |    49 |    95 |    46 |   191 |   237 ||   852
